 Dungeon Crawl Stone Soup version 0.27-a0-1186-g8b4daa1eef (webtiles) character file.

Game seed: 13229259670671570560

413 leviel the Chopper (level 6, 0/56 HPs)
             Began as a Minotaur Fighter on May 19, 2021.
             Slain by a centaur (1 damage)
             ... on level 4 of the Dungeon.
             The game lasted 00:02:54 (3321 turns).

leviel the Chopper (Minotaur Fighter)               Turns: 3321, Time: 00:02:55

Health: 0/56       AC:  7    Str: 22    XL:     6   Next: 59%
Magic:  5/5        EV:  7    Int:  5    God:
Gold:   123        SH: 12    Dex: 10    Spells: 5/5 levels left

rFire    . . .     SeeInvis .   a - +0 war axe
rCold    . . .     Faith    .   e - +2 kite shield
rNeg     . . .     Spirit   .   b - +0 scale mail
rPois    .         Reflect  .   (helmet restricted)
rElec    .         Harm     .   (no cloak)
rCorr    .         Rampage  .   (no gloves)
Will     .....                  (no boots)
Stlth    ..........             (no amulet)
HPRegen  0.18/turn              (no ring)
MPRegen  0.09/turn              (no ring)

@: mighty
A: horns 2, retaliatory headbutt
a: no special abilities


You were on level 4 of the Dungeon.
You visited 1 branch of the dungeon, and saw 4 of its levels.

You collected 123 gold pieces.

Inventory:

Hand Weapons
 a - a +0 war axe (weapon)
Armour
 b - a +0 scale mail (worn)
 e - a +2 kite shield (worn)
Jewellery
 j - a +6 ring of intelligence
Scrolls
 f - 3 scrolls of summoning {unknown}
 g - a scroll of blinking {unknown}
 h - a scroll of enchant armour {unknown}
 k - a scroll of vulnerability {unknown}
Potions
 c - a potion of curing {unknown}


   Skills:
 + Level 5.2 Fighting
 * Level 5.5 Axes
 + Level 5.2 Armour
 + Level 5.2 Shields


You had 5 spell levels left.
You didn't know any spells.
Your spell library contained the following spells:

 Spells                   Type           Power      Damage    Failure   Level
 Freeze                   Ice            0%         1d3       99%         1
 Confusing Touch          Hex            0%         N/A       100%        3
 Frozen Ramparts          Ice            0%         1d2       100%        3
 Gell's Gravitas          Tloc           0%         N/A       100%        3
 Ozocubu's Armour         Ice            0%         N/A       100%        3
 Hailstorm                Conj/Ice       0%         3d3       100%        4
 Petrify                  Tmut/Erth      0%         N/A       100%        4
 Metabolic Englaciation   Hex/Ice        0%         N/A       100%        5
 Yara's Violent Unravell  Hex/Tmut       0%         3d3       100%        5


Dungeon Overview and Level Annotations

Branches:
Dungeon (4/15)
 Temple: D:4-7

Altars:
Dithmenos
Nemelex Xobeh
Wu Jian

Annotations:
D:4 2 transporters


Innate Abilities, Weirdness & Mutations

You have a pair of horns on your head.
You reflexively headbutt those who attack you in melee.


Message History

You hit the centaur but do no damage.
The centaur is moderately wounded.
You hit the centaur.
The centaur hits you but does no damage.
The centaur kicks you but does no damage.
The centaur hits you but does no damage.
You block the centaur's attack. x2
The centaur kicks you but does no damage.
You block the centaur's attack. The centaur barely misses you.
You hit the centaur but do no damage.
The centaur is moderately wounded.
You hit the centaur.
You block the centaur's attack. x2; The centaur hits you.
* * * LOW HITPOINT WARNING * * *
The centaur kicks you but does no damage.
The shadow imp laughs crazily.
The centaur closely misses you. You block the centaur's attack.
The centaur hits you.
* * * LOW HITPOINT WARNING * * *
The centaur kicks you but does no damage.
You feel very mighty all of a sudden.
The centaur hits you but does no damage.
The centaur kicks you but does no damage.
You block the centaur's attack. x3; The centaur kicks you.
* * * LOW HITPOINT WARNING * * *
The centaur hits you but does no damage.
The centaur kicks you but does no damage.
You closely miss the centaur.
The centaur is moderately wounded.
You slash the centaur! The centaur hits you.
* * * LOW HITPOINT WARNING * * *
The centaur closely misses you.
The centaur hits you but does no damage.
The centaur kicks you but does no damage.
The centaur hits you but does no damage.
The centaur kicks you but does no damage.
The shadow imp grins evilly.
The centaur hits you.
* * * LOW HITPOINT WARNING * * *
The centaur kicks you.
You die...

..................#
..................#
.###############..#
.#8P#.....5o#≈8#.<##
.#P.#≈≈≈≈≈≈≈#.P#)).#
.#..#.?≈≈≈..#.$#...#
©#©/+..≈♣≈..+$©#©..#####
.#..#..P≈≈..#.$#.c......
.#P.#≈≈≈≈≈≈≈#.P#@..###.#
.#8P#55. .55#P8#c.##
.####### #######..#
........ ..........
........ ..##.......
....... .. ..#......
.####. .....##.##. .#
#....# .. #. ##


You could see 2 centaurs, an orc priest and 3 shadow imps.

Vanquished Creatures
  A black bear (D:4)
  2 scorpions (D:4)
  Jessica (D:3)
  An orc wizard (D:3)
  4 gnolls
  5 adders
  2 adder skeletons
  A dart slug (D:4)
  4 orcs
  3 endoplasms
  8 goblins
  9 hobgoblins
  3 jackals (D:4)
  2 quokkas (D:3)
  4 ball pythons (D:1)
  A bat (D:1)
  4 frilled lizards (D:1)
  4 kobolds
  6 rats
65 creatures vanquished.

Notes
Turn   | Place    | Note
-------+----------+-------------------------------------------
     0 | D:1      | leviel the Minotaur Fighter began the quest for the Orb.
     0 | D:1      | Reached XP level 1. HP: 19/19 MP: 0/0
    30 | D:1      | Found a faded altar of an unknown god.
   236 | D:1      | Reached XP level 2. HP: 27/27 MP: 1/1
   435 | D:1      | Reached XP level 3. HP: 33/33 MP: 2/2
   764 | D:2      | Found a sparkling altar of Nemelex Xobeh.
  1205 | D:2      | Reached XP level 4. HP: 41/41 MP: 3/3
  1745 | D:3      | Found an ornate altar of the Wu Jian Council.
  1745 | D:3      | Found a shadowy altar of Dithmenos.
  2215 | D:3      | Noticed Jessica
  2224 | D:3      | Killed Jessica
  2427 | D:3      | Reached XP level 5. HP: 47/47 MP: 4/4
  2626 | D:4      | Found a transporter.
  2640 | D:4      | Noticed a black bear
  2666 | D:4      | Killed a black bear
  2669 | D:4      | Reached XP level 6. HP: 10/55 MP: 5/5
  2671 | D:4      | Reached skill level 5 in Fighting
  2962 | D:4      | Reached skill level 5 in Axes
  2962 | D:4      | Reached skill level 5 in Armour
  2962 | D:4      | Reached skill level 5 in Shields
  3294 | D:4      | Found a transporter.
  3321 | D:4      | HP: 1/56 [centaur (4)]
  3321 | D:4      | Slain by a centaur

Illustrated notes

Levels and vault maps discovered:
D:1:      eino_arrival_cavern_b, layout_rooms, chequers_ecumenical_altar_simple,
          serial_corexii_hall, corexii_hall_statues_deadend,
          chequers_hall_statues_corner_a, corexii_hall_statues_i,
          minmay_misc_feat_alley
D:2:      layout_basic, basic_altar, chequers_serial_rivers_large_b,
          moated_statue
D:3:      layout_basic, chequers_temple_overflow_statue_of_worship, uniq_jessica
D:4:      gammafunk_wand_slinger, layout_basic, minmay_manual_mares

Skill      XL: |  1  2  3  4  5  6 |
---------------+-------------------+-----
Armour         | 4 5 |  5.2
Fighting       | 4 5 |  5.2
Shields        | 4 5 |  5.2
Axes           | 3 4 5 |  5.5

Action                   |  1- 3 |  4- 6 || total
-------------------------+-------+-------++-------
Melee: War axe           |    72 |    89 ||   161
       Headbutt          |     5 |    13 ||    18
  Use: Potion            |       |     3 ||     3
Armor: Scale mail        |    22 |    67 ||    89
Dodge: Dodged            |    23 |    36 ||    59
Block: Kite shield       |    39 |    77 ||   116

Table legend: (Time is in decaauts)
 A = Elapsed time spent in this place.
 B = Non-inter-level travel time spent in this place.
 C = Inter-level travel time spent in this place.
 D = Time resting spent in this place.
 E = Time spent auto-exploring this place.
 F = Levels seen in this place.
 G = Mean time per level.
                   A        B        C        D        E       F      G
               +--------+--------+--------+--------+--------+-----+--------+
         Total |   3431 |   3317 |    114 |    251 |   2614 |   4 |  857.8 |
       Dungeon |   3431 |   3317 |    114 |    251 |   2614 |   4 |  857.8 |
               +--------+--------+--------+--------+--------+-----+--------+

Top non-repeatable levels by time:
     D:2: 1051 daAuts
     D:3: 930 daAuts
     D:1: 725 daAuts
     D:4: 724 daAuts
